TOP OF THE 1ST |
Chicago Cubs batting - Pitching for Arizona Diamondbacks : LHP Aldo Questi
|
Pitching: LHP Aldo Questi
|
|
Batting: RHB Yasuhide Kasahara
|
0-0: Ball 1-0: Called Strike 1-1: Fly out, F8 (Flyball, 8RM, EV 81.9 MPH)
|
Batting: RHB Kaeo Zirpoli
|
0-0: Ball 1-0: Ball 2-0: Ball 3-0: Called Strike 3-1: Base on Balls
|
Batting: RHB Efrain Vargas
|
0-0: Swinging Strike 0-1: Fly out, F4 (Popup, 4, EV 56.2 MPH)
|
Batting: SHB Terry Tuckfard
|
0-0: Ball 1-0: Ball 2-0: SINGLE (Groundball, 6MD, EV 100.0 MPH) Kaeo Zirpoli to second
|
Batting: RHB Elijah Campbell
|
0-0: Ball 1-0: Fielders Choice at 2nd, 6-4 (Groundball, 6, EV 101.9 MPH)
|
Top of the 1st over - 0 runs, 1 hit, 0 errors, 2 left on base; Chicago 0 - Arizona 0 |
BOTTOM OF THE 1ST |
Arizona Diamondbacks batting - Pitching for Chicago Cubs : RHP Edwin Rivera
|
Pitching: RHP Edwin Rivera
|
|
Batting: RHB Katilimomi Kelekolio
|
0-0: Called Strike 0-1: Foul Ball, location: 2F 0-2: Ground out 5-3 (Groundball, 56S, EV 71.9 MPH)
|
Batting: SHB Alec Thorpe
|
0-0: Called Strike 0-1: Swinging Strike 0-2: Strikes out swinging
|
Batting: RHB David Price Jr.
|
0-0: Ground out 6-3 (Groundball, 6S, EV 82.5 MPH)
|
Bottom of the 1st over - 0 runs, 0 hits, 0 errors, 0 left on base; Chicago 0 - Arizona 0 |
TOP OF THE 2ND |
Chicago Cubs batting - Pitching for Arizona Diamondbacks : LHP Aldo Questi
|
Batting: RHB Steve Bui
|
0-0: Foul Ball, location: 2F 0-1: SINGLE (Line Drive, 8LS, EV 106.9 MPH)
|
Batting: RHB Will Leslie
|
0-0: Called Strike 0-1: Ball 1-1: 2-RUN HOME RUN (Flyball, 89XD, EV 100.6 MPH), Distance : 398 ft
|
Batting: RHB Jason Ostrom
|
0-0: Bunted foul 0-1: SINGLE (Groundball, 4, EV 100.0 MPH)
|
Batting: SHB Seung-ho Zhang
|
0-0: Called Strike 0-1: Ball 1-1: Ball 2-1: Ball 3-1: SINGLE (Groundball, 6D, EV 95.0 MPH) Jason Ostrom to second
|
Batting: RHB Yasuhide Kasahara
|
0-0: Ball 1-0: Fielders Choice at 2nd, 5-4 (Groundball, 56S, EV 76.2 MPH) Jason Ostrom to third
|
Batting: RHB Kaeo Zirpoli
|
0-0: Ball 1-0: SINGLE (Flyball, 56D, EV 83.8 MPH) Jason Ostrom scores Yasuhide Kasahara to second
|
Batting: RHB Efrain Vargas
|
0-0: Ball 1-0: Swinging Strike 1-1: Foul Ball, location: 2F 1-2: Ball 2-2: Foul Ball, location: 2F 2-2: DOUBLE (Line Drive, 9LM, EV 100.0 MPH) Yasuhide Kasahara scores Kaeo Zirpoli to third Runner from 3rd tries for Home, SAFE, throw by RF to home
|
Batting: SHB Terry Tuckfard
|
0-0: SINGLE (Line Drive, 89S, EV 105.0 MPH) Efrain Vargas to third
|
Pitching: LHP John Salzmann
|
|
Batting: RHB Elijah Campbell
|
0-0: Ball 1-0: Grounds into double play, 6-4-3 (Groundball, 6, EV 108.8 MPH)
|
Top of the 2nd over - 5 runs, 7 hits, 0 errors, 1 left on base; Chicago 5 - Arizona 0 |
BOTTOM OF THE 2ND |
Arizona Diamondbacks batting - Pitching for Chicago Cubs : RHP Edwin Rivera
|
Batting: LHB Eric Klasek
|
0-0: Ball 1-0: Foul Ball, location: 2F 1-1: Ball 2-1: Foul Ball, location: 2F 2-2: Fly out, F5 (Popup, 5DF, EV 57.5 MPH)
|
Batting: RHB Andy Swaim
|
0-0: Ball 1-0: Called Strike 1-1: DOUBLE (Line Drive, 78XD, EV 105.0 MPH)
|
Batting: SHB Andrew Wray II
|
0-0: Ball Andy Swaim steals 3rd base 1-0: Called Strike 1-1: Foul Ball, location: 2F 1-2: Foul Ball, location: 2F 1-2: Ball 2-2: Foul Ball, location: 2F 2-2: Ball 3-2: DOUBLE (Line Drive, 7LS, EV 109.4 MPH) Andy Swaim scores
|
Batting: SHB Warren Eisner
|
0-0: Ball 1-0: 2-RUN HOME RUN (Flyball, 89XD, EV 97.5 MPH), Distance : 402 ft
|
Batting: RHB Shiro Suehiro
|
0-0: Called Strike 0-1: Foul Ball, location: 2F 0-2: Strikes out swinging
|
Batting: RHB Fabrice Bertin
|
0-0: Called Strike 0-1: Ball 1-1: Fly out, F7 (Flyball, 7LD, EV 102.5 MPH)
|
Bottom of the 2nd over - 3 runs, 3 hits, 0 errors, 0 left on base; Chicago 5 - Arizona 3 |
TOP OF THE 3RD |
Chicago Cubs batting - Pitching for Arizona Diamondbacks : LHP John Salzmann
|
Batting: RHB Steve Bui
|
0-0: Foul Ball, location: 2F 0-1: Ball 1-1: Swinging Strike 1-2: Ball 2-2: Ground out 5-3 (Groundball, 56, EV 81.9 MPH)
|
Batting: RHB Will Leslie
|
0-0: Ball 1-0: Called Strike 1-1: DOUBLE (Line Drive, 7LD, EV 102.5 MPH)
|
Batting: RHB Jason Ostrom
|
0-0: Ball 1-0: Ball 2-0: Called Strike 2-1: Fly out, F6 (Flyball, 56D, EV 96.2 MPH)
|
Batting: SHB Seung-ho Zhang
|
0-0: Swinging Strike Pickoff Throw to Second - Out!
|
Top of the 3rd over - 0 runs, 1 hit, 0 errors, 0 left on base; Chicago 5 - Arizona 3 |
BOTTOM OF THE 3RD |
Arizona Diamondbacks batting - Pitching for Chicago Cubs : RHP Edwin Rivera
|
Batting: RHB Katilimomi Kelekolio
|
0-0: Called Strike 0-1: Foul Ball, location: 2F 0-2: Strikes out looking
|
Batting: SHB Alec Thorpe
|
0-0: Called Strike 0-1: Swinging Strike 0-2: Ball 1-2: Ground out 5-3 (Groundball, 5S, EV 66.2 MPH)
|
Batting: RHB David Price Jr.
|
0-0: Swinging Strike 0-1: Ball 1-1: Foul Ball, location: 2F 1-2: Strikes out swinging
|
Bottom of the 3rd over - 0 runs, 0 hits, 0 errors, 0 left on base; Chicago 5 - Arizona 3 |
TOP OF THE 4TH |
Chicago Cubs batting - Pitching for Arizona Diamondbacks : LHP John Salzmann
|
Batting: SHB Seung-ho Zhang
|
0-0: Swinging Strike 0-1: Ball 1-1: Ball 2-1: Swinging Strike 2-2: Strikes out swinging
|
Batting: RHB Yasuhide Kasahara
|
0-0: Ball 1-0: Swinging Strike 1-1: SINGLE (Groundball, 34S, EV 62.5 MPH) (infield hit)
|
Batting: RHB Kaeo Zirpoli
|
0-0: Ball Yasuhide Kasahara is caught stealing 2nd base 2-4 1-0: Ball 2-0: Ball 3-0: Called Strike 3-1: Called Strike 3-2: Ground out 5-3 (Groundball, 56S, EV 68.8 MPH)
|
Top of the 4th over - 0 runs, 1 hit, 0 errors, 0 left on base; Chicago 5 - Arizona 3 |
BOTTOM OF THE 4TH |
Arizona Diamondbacks batting - Pitching for Chicago Cubs : RHP Edwin Rivera
|
Batting: LHB Eric Klasek
|
0-0: Ball 1-0: Called Strike 1-1: Foul Ball, location: 2F 1-2: Fly out, F7 (Line Drive, 7, EV 90.6 MPH)
|
Batting: RHB Andy Swaim
|
0-0: Ground out 6-3 (Groundball, 6, EV 96.9 MPH)
|
Batting: SHB Andrew Wray II
|
0-0: Ball 1-0: SINGLE (Groundball, 6S, EV 68.8 MPH) (infield hit)
|
Batting: SHB Warren Eisner
|
0-0: Ball 1-0: Ground out 4-3 (Groundball, 34, EV 81.9 MPH)
|
Bottom of the 4th over - 0 runs, 1 hit, 0 errors, 1 left on base; Chicago 5 - Arizona 3 |
TOP OF THE 5TH |
Chicago Cubs batting - Pitching for Arizona Diamondbacks : LHP John Salzmann
|
Batting: RHB Efrain Vargas
|
0-0: Foul Ball, location: 2F 0-1: Ball 1-1: Ball 2-1: Ground out 4-3 (Groundball, 6M, EV 89.4 MPH)
|
Batting: SHB Terry Tuckfard
|
0-0: Swinging Strike 0-1: Ball 1-1: Ground out 6-3 (Groundball, 6, EV 104.4 MPH)
|
Batting: RHB Elijah Campbell
|
0-0: Ball 1-0: SINGLE (Groundball, 4MD, EV 97.5 MPH)
|
Pitching: RHP Sean Hartgrove
|
|
Batting: RHB Steve Bui
|
0-0: Called Strike Elijah Campbell steals 2nd base 0-1: Ball 1-1: Swinging Strike 1-2: Strikes out swinging
|
Top of the 5th over - 0 runs, 1 hit, 0 errors, 1 left on base; Chicago 5 - Arizona 3 |
BOTTOM OF THE 5TH |
Arizona Diamondbacks batting - Pitching for Chicago Cubs : RHP Edwin Rivera
|
Batting: RHB Shiro Suehiro
|
0-0: Called Strike 0-1: Foul Ball, location: 2F 0-2: TRIPLE (Flyball, 78XD, EV 109.4 MPH)
|
Batting: RHB Fabrice Bertin
|
0-0: Ball Wild Pitch! Shiro Suehiro scores 1-0: Foul Ball, location: 2F 1-1: Ball 2-1: Ball 3-1: Foul Ball, location: 2F 3-2: SINGLE (Flyball, 56D, EV 85.0 MPH)
|
Batting: RHB Katilimomi Kelekolio
|
0-0: Foul Ball, location: 2F 0-1: Fly out, F7 (Flyball, 7LM, EV 87.5 MPH)
|
Batting: SHB Alec Thorpe
|
0-0: Ball 1-0: DOUBLE (Line Drive, 7LS, EV 105.6 MPH) Fabrice Bertin to third Runner from 3rd tries for Home, throw by LF and OUT! 7-6-2 Alec Thorpe to third
|
Batting: RHB David Price Jr.
|
0-0: Called Strike 0-1: Fly out, F5 (Popup, 25F, EV 91.2 MPH)
|
Bottom of the 5th over - 1 run, 3 hits, 0 errors, 1 left on base; Chicago 5 - Arizona 4 |
TOP OF THE 6TH |
Chicago Cubs batting - Pitching for Arizona Diamondbacks : RHP Sean Hartgrove
|
Batting: RHB Will Leslie
|
0-0: Swinging Strike 0-1: Ball 1-1: Ground out 4-3 (Groundball, 4, EV 100.0 MPH)
|
Batting: RHB Jason Ostrom
|
0-0: Called Strike 0-1: Ball 1-1: Foul Ball, location: 2F 1-2: Ball 2-2: Ball 3-2: SINGLE (Flyball, 4MD, EV 88.8 MPH)
|
Batting: SHB Seung-ho Zhang
|
Pickoff Throw to First - Out! 1-3 0-0: Ball 1-0: Swinging Strike 1-1: Ball 2-1: Called Strike 2-2: Strikes out swinging
|
Top of the 6th over - 0 runs, 1 hit, 0 errors, 0 left on base; Chicago 5 - Arizona 4 |
BOTTOM OF THE 6TH |
Arizona Diamondbacks batting - Pitching for Chicago Cubs : RHP Edwin Rivera
|
Batting: LHB Eric Klasek
|
0-0: Ball 1-0: Foul Ball, location: 2F 1-1: Swinging Strike 1-2: Ball 2-2: Ground out 5-3 (Groundball, 56, EV 102.5 MPH)
|
Batting: RHB Andy Swaim
|
0-0: Foul Ball, location: 2F 0-1: DOUBLE (Flyball, 89D, EV 109.4 MPH)
|
Batting: SHB Andrew Wray II
|
0-0: Fly out, F9 (Flyball, 89D, EV 83.8 MPH) Runner from 2nd tags up, SAFE at 3rd, no throw by RF
|
Batting: SHB Warren Eisner
|
0-0: Called Strike 0-1: Ball 1-1: Called Strike 1-2: Ball 2-2: Ball 3-2: Foul Ball, location: 2F 3-2: Foul Ball, location: 2F 3-2: Strikes out swinging
|
Bottom of the 6th over - 0 runs, 1 hit, 0 errors, 1 left on base; Chicago 5 - Arizona 4 |
TOP OF THE 7TH |
Chicago Cubs batting - Pitching for Arizona Diamondbacks : RHP Sean Hartgrove
|
Pitching: LHP Mario Valdivia
|
|
Batting: RHB Yasuhide Kasahara
|
0-0: Fly out, F9 (Line Drive, 9, EV 98.1 MPH)
|
Batting: RHB Kaeo Zirpoli
|
0-0: Ball 1-0: Called Strike 1-1: Ball 2-1: Swinging Strike 2-2: Foul Ball, location: 2F 2-2: Strikes out swinging
|
Batting: RHB Efrain Vargas
|
0-0: Fly out, F4 (Flyball, 4D, EV 90.6 MPH)
|
Top of the 7th over - 0 runs, 0 hits, 0 errors, 0 left on base; Chicago 5 - Arizona 4 |
BOTTOM OF THE 7TH |
Arizona Diamondbacks batting - Pitching for Chicago Cubs : RHP Edwin Rivera
|
Batting: RHB Shiro Suehiro
|
0-0: Hit by Pitch
|
Pinch Hitting: LHB Roy Steigerwald
|
0-0: Ball 1-0: Ball 2-0: Called Strike 2-1: Ball 3-1: Bunted foul 3-2: Ground out 5-3 (Groundball, 5, EV 83.1 MPH) Shiro Suehiro to second
|
Batting: RHB Katilimomi Kelekolio
|
0-0: Ball 1-0: Called Strike 1-1: Ball 2-1: Ball 3-1: Base on Balls
|
Batting: SHB Alec Thorpe
|
0-0: Foul Ball, location: 2F 0-1: Ball 1-1: Ball 2-1: Ball 3-1: Called Strike 3-2: SINGLE (Line Drive, 8LS, EV 106.2 MPH) Shiro Suehiro to third Katilimomi Kelekolio to second Runner from 3rd tries for Home, SAFE, throw by CF to home
|
Pitching: RHP Chris Ishii
|
|
Batting: RHB David Price Jr.
|
0-0: Called Strike 0-1: Foul Ball, location: 2F 0-2: Foul Ball, location: 2F 0-2: Strikes out swinging
|
Batting: LHB Eric Klasek
|
0-0: Ball 1-0: Called Strike 1-1: Ball 2-1: Called Strike 2-2: Ball 3-2: Ground out 5-3 (Groundball, 56, EV 103.8 MPH)
|
Bottom of the 7th over - 1 run, 1 hit, 0 errors, 2 left on base; Chicago 5 - Arizona 5 |
TOP OF THE 8TH |
Chicago Cubs batting - Pitching for Arizona Diamondbacks : LHP Mario Valdivia
|
Pitching: RHP David Mendoza
|
|
Now in LF: Roy Steigerwald
|
|
Batting: SHB Terry Tuckfard
|
0-0: Foul Ball, location: 2F 0-1: SINGLE (Groundball, 4MD, EV 108.1 MPH)
|
Pinch Hitting: LHB Kevin Norton
|
0-0: Called Strike 0-1: Ball 1-1: Ball 2-1: 2-RUN HOME RUN (Flyball, 9D, EV 101.2 MPH), Distance : 375 ft
|
Batting: SHB Steve DiDomenico
|
0-0: SINGLE (Groundball, 56, EV 100.0 MPH)
|
Batting: RHB Will Leslie
|
0-0: Ball 1-0: Called Strike 1-1: Foul Ball, location: 2F 1-2: Foul Ball, location: 2F 1-2: Strikes out swinging
|
Batting: RHB Jason Ostrom
|
0-0: Ball 1-0: Foul Ball, location: 2F 1-1: Ball 2-1: Foul Ball, location: 2F 2-2: DOUBLE (Flyball, 8LD, EV 107.5 MPH) Steve DiDomenico to third Steve DiDomenico scores
|
Batting: SHB Seung-ho Zhang
|
0-0: Ball 1-0: Foul Ball, location: 2F 1-1: Called Strike 1-2: Ball 2-2: Strikes out looking
|
Batting: RHB Yasuhide Kasahara
|
0-0: DOUBLE (Groundball, 3L, EV 111.2 MPH) Jason Ostrom scores
|
Pitching: RHP Raul Sanchez
|
|
Batting: RHB Kaeo Zirpoli
|
0-0: Ground out 6-3 (Groundball, 4M, EV 92.5 MPH)
|
Top of the 8th over - 4 runs, 5 hits, 0 errors, 1 left on base; Chicago 9 - Arizona 5 |
BOTTOM OF THE 8TH |
Arizona Diamondbacks batting - Pitching for Chicago Cubs : RHP Chris Ishii
|
Now at 2B: Shintaro Katsumata
|
|
Batting: RHB Andy Swaim
|
0-0: Ball 1-0: Called Strike 1-1: Foul Ball, location: 2F 1-2: Fly out, F7 (Flyball, 78S, EV 81.9 MPH)
|
Batting: SHB Andrew Wray II
|
0-0: Called Strike 0-1: Hit by Pitch
|
Batting: SHB Warren Eisner
|
0-0: Swinging Strike 0-1: SINGLE (Groundball, 4MD, EV 98.1 MPH) Andrew Wray II to second Runner from 2nd tries for 3rd, SAFE, throw by CF made to third
|
Batting: RHB Shiro Suehiro
|
0-0: Fly out, F8 (Flyball, 8RXD, EV 87.5 MPH) Runner from 3rd tags up, SCORES, no throw by CF
|
Batting: LHB Roy Steigerwald
|
0-0: Foul Ball, location: 2F 0-1: Ball 1-1: Ball 2-1: Foul Ball, location: 2F 2-2: Ground out U3 (Groundball, 3, EV 82.5 MPH)
|
Bottom of the 8th over - 1 run, 1 hit, 0 errors, 1 left on base; Chicago 9 - Arizona 6 |
TOP OF THE 9TH |
Chicago Cubs batting - Pitching for Arizona Diamondbacks : RHP Raul Sanchez
|
Pitching: RHP Andrew Coker
|
|
Batting: RHB Efrain Vargas
|
0-0: Called Strike 0-1: Ball 1-1: Ball 2-1: Swinging Strike 2-2: Ball 3-2: Base on Balls
|
Batting: SHB Terry Tuckfard
|
0-0: Called Strike 0-1: Ball 1-1: Called Strike 1-2: Fly out, F7 (Flyball, 7D, EV 101.2 MPH)
|
Batting: RHB Shintaro Katsumata
|
0-0: Ball 1-0: Foul Ball, location: 2F 1-1: SINGLE (Groundball, 6MD, EV 108.1 MPH) Efrain Vargas to second
|
Batting: SHB Steve DiDomenico
|
0-0: Ball 1-0: Swinging Strike 1-1: DOUBLE (Flyball, 89D, EV 93.1 MPH) Efrain Vargas scores Shintaro Katsumata to third Runner from 3rd tries for Home, SAFE, throw by RF to trailing runner, SAFE at third!
|
Pitching: RHP Willie Nieto
|
|
Batting: RHB Will Leslie
|
0-0: Ground out 6-3 (Groundball, 6, EV 88.1 MPH) Steve DiDomenico scores
|
Batting: RHB Jason Ostrom
|
0-0: Fly out, F9 (Flyball, 9LD, EV 98.1 MPH)
|
Top of the 9th over - 3 runs, 2 hits, 0 errors, 0 left on base; Chicago 12 - Arizona 6 |
BOTTOM OF THE 9TH |
Arizona Diamondbacks batting - Pitching for Chicago Cubs : RHP Chris Ishii
|
Batting: RHB Katilimomi Kelekolio
|
0-0: Ball 1-0: Swinging Strike 1-1: Ground out 4-3 (Groundball, 4, EV 97.5 MPH)
|
Batting: SHB Alec Thorpe
|
0-0: Ball 1-0: Ground out 6-3 (Groundball, 6, EV 111.9 MPH)
|
Batting: RHB David Price Jr.
|
0-0: SINGLE (Line Drive, 56D, EV 95.0 MPH)
|
Batting: LHB Eric Klasek
|
0-0: Called Strike 0-1: Ground out 5-3 (Groundball, 6S, EV 65.0 MPH)
|
Bottom of the 9th over - 0 runs, 1 hit, 0 errors, 1 left on base; Chicago 12 - Arizona 6 |
|